 Dungeon Crawl Stone Soup version 0.31.0-12-g77e489cdc1 (webtiles) character file.

Game seed: 16303299449201721754

580 Doomgape the Covert (level 7, 0/33 HPs)
             Began as a Spriggan Hunter on Feb 11, 2024.
             Slain by a centaur (5 damage)
             ... on level 5 of the Dungeon.
             The game lasted 00:09:55 (4350 turns).

Doomgape the Covert (Spriggan Hunter)               Turns: 4350, Time: 00:09:56

Health: 0/33       AC:  3    Str:  6    XL:     7   Next: 13%
Magic:  16/16      EV: 17    Int: 15    God:
Gold:   228        SH:  0    Dex: 19    Spells: 6/6 levels left

rFire   . . .        a - +0 shortbow
rCold   . . .        (shield currently unavailable)
rNeg    . . .        c - +1 robe
rPois   +            (helmet restricted)
rElec   +            (no cloak)
rCorr   .            (gloves unavailable)
SInv    +            (boots unavailable)
Will    +....        (no amulet)
Stlth   ++++         f - ring of magical power
HPRegen 0.25/turn    h - ring of poison resistance
MPRegen 0.15/turn

%: no passive effects
@: mighty, brilliant, very quick
A: very small, no large weapons, unfitting armour, see invisible, speed 3,
clever 1, low MP 1, electricity resistance
a: no special abilities


You were on level 5 of the Dungeon.
You visited 1 branch of the dungeon, and saw 5 of its levels.

You collected 228 gold pieces.

Inventory:

Hand Weapons
 a - a +0 shortbow (weapon)
 o - a +2 dagger of flaming
Armour
 c - a +1 robe (worn)
Jewellery
 f - a ring of magical power (left hand)
 h - a ring of poison resistance (right hand)
 m - an amulet of reflection
 p - an amulet of guardian spirit
Talismans
 l - a granite talisman
Wands
 r - a wand of charming (9)
Scrolls
 b - a scroll of butterflies
 k - a scroll of teleportation
 n - a scroll of identify
Potions
 d - 2 potions of brilliance
 i - a potion of mutation
 q - a potion of lignification {unknown}


   Skills:
 - Level 1.5 Fighting
 + Level 6.7 Ranged Weapons
 - Level 2.6 Dodging
 + Level 8.5 Stealth


You had 6 spell levels left.
You didn't know any spells.
Your spell library contained the following spells:

 Spells                   Type           Power      Damage    Failure   Level
 Necrotise                Necr           0%         1d4       26%         1
 Gell's Gravitas          Tloc           0%         N/A       63%         3
 Teleport Other           Tloc           0%         N/A       63%         3
 Vampiric Draining        Necr           0%         2d6       63%         3
 Martyr's Knell           Necr/Summ      0%         N/A       95%         4
 Curse of Agony           Necr           0%         N/A       100%        5
 Dispersal                Tloc           0%         N/A       100%        6


Dungeon Overview and Level Annotations

Branches:
Dungeon (5/15)
 Temple: D:4-7

Altars:
Kikubaaqudgha
Sif Muna
The Shining One


Innate Abilities, Weirdness & Mutations

You are very small and have problems with some larger weapons.
You are too small for most types of armour.
You have supernaturally acute eyesight. (SInv)
You cover ground extremely quickly. (Speed+++)
Your mind is acute. (Int +4, Str/Dex -1)
Your magical capacity is low. (-10% MP)
You are resistant to electric shocks. (rElec)


Message History

Fire: a) +0 shortbow
Press: ? - help, Q - select action, (/) - cycle Shift-Dir - straight line, f/p - centaur
Aim: a centaur, wielding a +0 orcbow (heavily wounded, 74% to hit)
You shoot an arrow.
The arrow hits the centaur but does no damage.
The centaur is heavily wounded.
The centaur unwields a +0 orcbow.
The centaur barely misses you. x2
Fire: a) +0 shortbow
Press: ? - help, Q - select action, (/) - cycle Shift-Dir - straight line, f/p - centaur
Aim: a centaur (heavily wounded, 74% to hit)
You shoot an arrow.
The arrow hits the centaur but does no damage.
The centaur is heavily wounded.
The centaur misses you. The centaur completely misses you.
The centaur hits you.
* * * LOW HITPOINT WARNING * * *
The centaur barely misses you.
Fire: a) +0 shortbow
Press: ? - help, Q - select action, (/) - cycle Shift-Dir - straight line, f/p - centaur
Aim: a centaur (heavily wounded, 74% to hit)
You shoot an arrow.
The arrow completely misses the centaur.
The centaur misses you.
The centaur kicks you but does no damage.
Fire: a) +0 shortbow
Press: ? - help, Q - select action, (/) - cycle Shift-Dir - straight line, f/p - centaur
Aim: a centaur (heavily wounded, 74% to hit)
You shoot an arrow. The arrow hits the centaur.
The centaur is severely wounded.
The centaur misses you. The centaur closely misses you.
The centaur barely misses you. x2
Fire: a) +0 shortbow
Press: ? - help, Q - select action, (/) - cycle Shift-Dir - straight line, f/p - centaur
Aim: a centaur (severely wounded, 74% to hit)
You shoot an arrow. The arrow hits the centaur.
The centaur is almost dead.
The centaur hits you.
* * * LOW HITPOINT WARNING * * *
The centaur completely misses you. The centaur hits you.
You die...

.#####.# .. ##...##.#
.......####.###
######.#
###.####......# #...#
#.# ##c##.#.# #.###
###.###...#.#.# #.#
.....##.......# #.#
###..##.......# #.#
###..###.#<...######.#
..#............c@....#
#.##.######.##########
#.##.# #.# .....# ...
#...## #...# ##.##
#...# #.# #...# #.#
#.>.. ...


You could see a centaur.

Vanquished Creatures
  A hound (D:4)
  A jelly (D:5)
  4 orc priests
  A gnoll bouda (D:4)
  An iguana (D:4)
  Jessica (D:2)
  4 orc wizards
  8 gnolls
  6 adders
  A shadow imp (D:5)
  A dart slug (D:1)
  A ribbon worm (D:4)
  9 orcs
  7 ball pythons
  3 bats
  6 endoplasms
  3 giant cockroaches (D:2)
  7 goblins
  5 hobgoblins
  5 jackals
  A quokka (D:2)
  3 frilled lizards
  4 kobolds
  4 rats (D:3)
87 creatures vanquished.

Notes
Turn   | Place    | Note
-------+----------+-------------------------------------------
     0 | D:1      | Doomgape the Spriggan Hunter began the quest for the Orb.
     0 | D:1      | Reached XP level 1. HP: 10/10 MP: 2/2
    84 | D:1      | Reached skill level 2 in Stealth
   125 | D:1      | Noticed a great orb of eyes
   132 | D:1      | Found a faded altar of an unknown god.
   137 | D:1      | Noticed a glass eye
   142 | D:1      | Noticed an eye of devastation
   142 | D:1      | Noticed a great orb of eyes
   308 | D:1      | Reached XP level 2. HP: 14/14 MP: 3/3
   547 | D:1      | Reached skill level 3 in Stealth
  1026 | D:2      | Reached XP level 3. HP: 14/18 MP: 4/4
  1238 | D:2      | Noticed Jessica
  1252 | D:2      | Killed Jessica
  1253 | D:2      | Reached skill level 4 in Stealth
  1347 | D:2      | Found a glowing golden altar of the Shining One.
  1354 | D:2      | Reached XP level 4. HP: 22/22 MP: 5/5
  1522 | D:2      | Reached skill level 5 in Ranged Weapons
  1527 | D:2      | Reached skill level 5 in Stealth
  2004 | D:3      | Reached XP level 5. HP: 25/25 MP: 6/6
  2007 | D:3      | Gained mutation: Your magical capacity is low. (-10% MP)
                  | [potion of mutation]
  2007 | D:3      | Gained mutation: You have hidden genetic potential. [potion
                  | of mutation]
  2023 | D:3      | Reached skill level 6 in Stealth
  2405 | D:3      | Reached XP level 6. HP: 30/30 MP: 6/6
  2612 | D:4      | Found an ancient bone altar of Kikubaaqudgha.
  2638 | D:4      | Reached skill level 7 in Stealth
  2646 | D:4      | Gained mutation: Your mind is acute. (Int +4, Str/Dex -1)
                  | [hidden potential]
  2770 | D:4      | Found a shimmering blue altar of Sif Muna.
  3304 | D:4      | Reached skill level 8 in Stealth
  3513 | D:5      | Entered Level 5 of the Dungeon
  3517 | D:5      | Reached XP level 7. HP: 33/33 MP: 7/7
  3546 | D:4      | HP: 1/33 [orc wizard/+0 dagger (3)]
  4052 | D:4      | Gained mutation: You are resistant to electric shocks.
                  | (rElec) [hidden potential]
  4052 | D:4      | Lost mutation: You have hidden genetic potential. [hidden
                  | potential expressed]
  4350 | D:5      | Slain by a centaur

Illustrated notes

Levels and vault maps discovered:
D:1:      minmay_arrival_stone_box, layout_loops_corners,
          hellmonk_ecumenical_altar_watching_god
D:2:      layout_basic, basic_altar, uniq_jessica
D:3:      layout_rooms
D:4:      layout_basic, hellmonk_sif_muna_bookshelves,
          nicolae_kikubaaqudgha_miasma_corner
D:5:      layout_loops_cross

Skill      XL: |  1  2  3  4  5  6 |
---------------+-------------------+-----
Stealth        | 2 3 4 5 6 8 |  8.5
Ranged Weapons | 5 6 |  6.7
Fighting       | |  1.5
Dodging        | |  2.6

Action                     |  1- 3 |  4- 6 |  7- 9 || total
---------------------------+-------+-------+-------++-------
  Melee: Shortbow          |       |       |     3 ||     3
   Fire: Shortbow          |    74 |   223 |    69 ||   366
    Use: Scroll            |     1 |     4 |     1 ||     6
         Potion            |       |     1 |     5 ||     6
 Armour: Robe              |     3 |    24 |    42 ||    69
  Dodge: Dodged            |    18 |    63 |    45 ||   126
